 Dungeon Crawl Stone Soup version 0.23-a0-4-g8f018a2 (webtiles) character file.

6996 galech the Carver (level 10, -3/90 HPs)
             Began as a Minotaur Fighter on July 31, 2018.
             Was a High Priest of Cheibriados.
             Slain by an orc warrior
             ... wielding a +0 long sword
             ... led by an orc knight
              (19 damage)
             ... on level 9 of the Dungeon.
             The game lasted 00:13:26 (7506 turns).

galech the Carver (Minotaur Fighter)                Turns: 7506, Time: 00:13:27

Health: -3/90      AC: 14    Str: 32    XL:     10   Next: 82%
Magic:  7/9        EV: 10    Int: 17    God:    Cheibriados [*****.]
Gold:   279        SH: 15    Dex: 31    Spells: 9/9 levels left

rFire    . . .     SeeInvis .   I - +4 scimitar (curse)
rCold    . . .     Gourm    .   c - +0 shield
rNeg     . . .     Faith    .   z - +0 plate armour
rPois    +         Spirit   .   (helmet restricted)
rElec    .         Reflect  .   (no cloak)
rCorr    .         Harm     .   (no gloves)
MR       +....                  (no boots)
Stlth    ..........             (no amulet)
HPRegen  0.25/turn              r - +5 ring of dexterity
MPRegen  0.11/turn              C - ring of Tender Moments {rPois MR+}

@: very slow
A: retaliatory headbutt, horns 2
a: Bend Time, Temporal Distortion, Slouch, Step From Time, Renounce Religion


You were on level 9 of the Dungeon.
You worshipped Cheibriados.
Cheibriados was extremely pleased with you.
You were not hungry.

You visited 2 branches of the dungeon, and saw 10 of its levels.

You collected 411 gold pieces.
You spent 132 gold pieces at shops.

Inventory:

Hand Weapons
 y - a +1 vampiric scimitar
 A - a +2 long sword of freezing
 G - the +8 flail "Eget Iso" {pain, MR+ Str-3 Int+3}
   (You found it on level 8 of the Dungeon)

   In the hands of one skilled in necromantic magic, it inflicts extra damage on
   living creatures.
   It affects your strength (-3).
   It affects your intelligence (+3).
   It affects your resistance to hostile enchantments.
 I - a cursed +4 scimitar (weapon)
Armour
 c - a +0 shield (worn)
 m - a +1 scale mail of cold resistance
 z - a +0 plate armour (worn)
 H - the +2 ring mail of Amorality {rC+}
   (You found it on level 9 of the Dungeon)

   It protects you from cold.
Jewellery
 a - an uncursed ring of wizardry
 r - a +5 ring of dexterity (left hand)
 w - an uncursed ring of flight
 C - the ring of Tender Moments (right hand) {rPois MR+}
   (You found it on level 7 of the Dungeon)

   [ring of protection from magic]

   It protects you from poison.
   It affects your resistance to hostile enchantments.
 L - an uncursed ring of protection from fire
Wands
 n - a wand of enslavement (9)
 o - a wand of iceblast (22)
 q - a wand of acid (7)
 v - a wand of paralysis (26)
 x - a wand of flame (36)
 D - a wand of digging (13)
Scrolls
 b - a scroll of fear
 e - 4 scrolls of magic mapping
 g - a scroll of remove curse
 h - a scroll of blinking
 j - 8 scrolls of enchant armour
 l - 3 scrolls of teleportation
 p - 2 scrolls of amnesia
 u - a scroll of enchant weapon
 B - 3 scrolls of identify
 F - a scroll of vulnerability
Potions
 d - 2 potions of might
 i - 5 potions of curing
 k - 3 potions of heal wounds
 s - 3 potions of lignification {unknown}
 t - 3 potions of flight {unknown}
 E - 8 potions of degeneration
 J - a potion of magic {unknown}
Comestibles
 f - 27 rations
 K - a chunk of flesh


   Skills:
 + Level 8.4 Fighting
 + Level 12.6 Long Blades
 + Level 9.7 Armour
 + Level 3.2 Dodging
 + Level 1.4 Stealth
 + Level 9.6 Shields


You had 9 spell levels left.
You didn't know any spells.
Your spell library contained the following spells:

 Spells                   Type           Power        Failure   Level  Hunger
 Confuse                  Hex            #.......     100%        3    ####...
 Tukima's Dance           Hex            #.......     100%        3    ####...
 Ensorcelled Hibernation  Hex/Ice        #.....       99%         2    ###....
 Corona                   Hex            #......      97%         1    ##.....
 Dazzling Spray           Conj/Hex       #.....       100%        3    ####...


Dungeon Overview and Level Annotations

Branches:
Dungeon (9/15)             Temple (0/1) D:6             Orc (1/2) D:9
   Lair: D:8-11

Altars:
Cheibriados
Elyvilon
Trog
Uskayaw
Vehumet
Wu Jian

Shops:
D:4 *   D:5 !([((


Innate Abilities, Weirdness & Mutations

You reflexively headbutt those who attack you in melee.
You have a pair of horns on your head.


Message History

The warg is lightly wounded.
You slash the warg! You headbutt the warg.
The warg is severely wounded.
You block the orc warrior's attack. You block the warg's attack.
The orc knight closely misses you. You furiously retaliate!
You headbutt the orc knight.
You riposte.
You slash the orc knight!
The orc knight is moderately wounded.
You hit the warg but do no damage. Your headbutt misses the warg.
The warg is severely wounded.
You block the warg's attack.
The orc warrior hits you with a long sword.
Unknown command.
You slice the warg!!
You kill the warg!
Cheibriados appreciates the change of pace.
You block the orc knight's attack.
The orc warrior hits you with a long sword!
* * * LOW HITPOINT WARNING * * *
The orc warrior hits you with a long sword!!
You die...

..##..####....####...##...#######
...............#...........#
...............#...........#
...............#...........#
....####..##..##########..####
##################...###.....#
.................#.....#....##
.................#.....#..^.#
).....##........@#.....+....#
.........>...[[.oo.##+##.#..#
.............)#.)#.##.##.####
..............#..#.....(..#
.................#.)((....#
##################.(......#
........#.........).[.....#
.......#.....<#.(.)#.....####
######################...##.##


You could see an orc knight and an orc warrior.

Vanquished Creatures
  Harold (D:7)
  A two-headed ogre (D:8)
  Pikel (D:7)
  Joseph (D:7)
  A troll (D:9)
  Prince Ribbit (D:5)
  Sigmund (D:5)
  4 hungry ghosts
  A warg (D:9)
  4 orc warriors
  A swamp drake (D:9)
  2 sky beasts
  2 ice beasts (D:9)
  A black bear (D:8)
  2 phantoms
  A necrophage (D:9)
  2 ogres (D:9)
  A crocodile (D:9)
  2 big kobolds
  2 centaurs
  A bullfrog (D:6)
  A scorpion (D:6)
  A jelly (D:9)
  3 killer bees (D:9)
  7 wights
  5 crimson imps
  A bullfrog zombie (D:6)
  A bullfrog skeleton (D:9)
  A centaur zombie (D:5)
  2 hounds
  4 orc priests
  10 orc wizards
  A centaur skeleton (D:6)
  2 iguanas
  Ijyb (D:5)
  Natasha (thrice) (D:3)
  5 worker ants
  11 adders
  A gnoll (D:1)
  3 shadow imps
  An ooze (D:1)
  An adder skeleton (D:6)
  4 worms
  3 leopard geckos
  34 orcs
  4 bats
  4 giant cockroaches
  5 hobgoblins
  26 jackals
  4 quokkas
  A ball python (D:4)
  3 frilled lizards
  8 goblins
  9 kobolds
  A rat (D:3)
204 creatures vanquished.

Vanquished Creatures (others)
  2 kobolds (D:7)
  A quokka (D:3)
3 creatures vanquished.

Grand Total: 207 creatures vanquished

Notes
Turn   | Place    | Note
-------+----------+-------------------------------------------
     0 | D:1      | galech the Minotaur Fighter began the quest for the Orb.
     0 | D:1      | Reached XP level 1. HP: 19/19 MP: 0/0
    73 | D:1      | Reached XP level 2. HP: 27/27 MP: 1/1
   296 | D:1      | Reached XP level 3. HP: 33/33 MP: 2/2
   616 | D:2      | Reached skill level 3 in Long Blades
  1055 | D:2      | Found a radiant altar of Vehumet.
  1094 | D:2      | Reached XP level 4. HP: 37/40 MP: 3/3
  1180 | D:2      | Reached skill level 1 in Dodging
  1340 | D:3      | Found a snail-covered altar of Cheibriados.
  1346 | D:3      | Became a worshipper of Cheibriados the Contemplative
  1387 | D:3      | Noticed Natasha
  1391 | D:3      | Killed Natasha
  1723 | D:3      | Found a white marble altar of Elyvilon.
  1846 | D:3      | Reached XP level 5. HP: 47/47 MP: 4/4
  1880 | D:3      | Found an ornate altar of the Wu Jian Council.
  1940 | D:3      | Reached skill level 4 in Long Blades
  1957 | D:3      | Noticed Natasha
  1968 | D:3      | Killed Natasha
  2376 | D:3      | Noticed Natasha
  2385 | D:3      | Killed Natasha
  2525 | D:4      | Found Vughicseobb's Assorted Antiques.
  2554 | D:4      | Noticed a hand axe
  2555 | D:4      | Noticed a hand axe
  2557 | D:4      | Found a hide-covered altar of Uskayaw.
  2564 | D:4      | Reached * piety under Cheibriados
  2710 | D:4      | Reached skill level 5 in Armour
  2716 | D:4      | Reached skill level 5 in Shields
  2716 | D:4      | Reached XP level 6. HP: 36/53 MP: 5/5
  2771 | D:4      | Reached skill level 5 in Long Blades
  3128 | D:5      | Entered Level 5 of the Dungeon
  3136 | D:5      | Found Heiclych's Distillery.
  3139 | D:5      | Bought a potion of curing for 36 gold pieces
  3139 | D:5      | Bought a potion of heal wounds for 60 gold pieces
  3139 | D:5      | Bought a potion of curing for 36 gold pieces
  3141 | D:5      | Found Baumeb Cuse's Weapon Shoppe.
  3272 | D:5      | Found Meosaocw's Weapon Shop.
  3276 | D:5      | Found a bloodstained altar of Trog.
  3336 | D:5      | Noticed Ijyb
  3340 | D:5      | Killed Ijyb
  3552 | D:5      | Found Gipra's Antique Armour Shop.
  3618 | D:5      | Found Vanletoepp's Weapon Shop.
  3637 | D:5      | Noticed Prince Ribbit
  3815 | D:5      | Noticed Sigmund
  3824 | D:5      | Killed Sigmund
  3824 | D:5      | Reached skill level 5 in Fighting
  3824 | D:5      | Reached XP level 7. HP: 55/61 MP: 6/6
  3832 | D:5      | Reached skill level 6 in Long Blades
  4311 | D:5      | Killed Prince Ribbit
  4639 | D:6      | Reached ** piety under Cheibriados
  4639 | D:6      | Reached skill level 7 in Long Blades
  4639 | D:6      | Reached XP level 8. HP: 62/68 MP: 7/7
  4672 | D:6      | Got a warped spear
  4673 | D:6      | Identified the cursed +1 spear "Xicuthuu" {pierce, +Inv +Fly rF- Int+2} (You found it on level 6 of the Dungeon)
  4729 | D:6      | Found a staircase to the Ecumenical Temple.
  4829 | D:6      | Reached skill level 8 in Long Blades
  5132 | D:6      | Reached *** piety under Cheibriados
  5357 | D:6      | Reached XP level 9. HP: 49/78 MP: 8/8
  5512 | D:7      | Noticed Pikel
  5517 | D:7      | Killed Pikel
  5517 | D:7      | Reached skill level 9 in Long Blades
  5564 | D:7      | Noticed Joseph
  5575 | D:7      | Killed Joseph
  5575 | D:7      | Reached skill level 10 in Long Blades
  5575 | D:7      | Reached skill level 1 in Stealth
  5697 | D:7      | Got a pitted brass ring
  5699 | D:7      | Identified the ring of Tender Moments {rPois MR+} (You found it on level 7 of the Dungeon)
  5746 | D:7      | Noticed Harold
  5760 | D:7      | Killed Harold
  5811 | D:7      | Reached skill level 11 in Long Blades
  6113 | D:8      | Noticed a two-headed ogre
  6120 | D:8      | Killed a two-headed ogre
  6120 | D:8      | Reached XP level 10. HP: 50/88 MP: 9/9
  6213 | D:8      | Got an ancient flail
  6214 | D:8      | Identified the +8 flail "Eget Iso" {pain, MR+ Str-3 Int+3} (You found it on level 8 of the Dungeon)
  6237 | D:8      | Reached **** piety under Cheibriados
  6754 | D:9      | Found a staircase to the Orcish Mines.
  6849 | D:9      | Reached skill level 12 in Long Blades
  7016 | D:9      | Reached ***** piety under Cheibriados
  7235 | D:9      | Got a transparent ring mail
  7246 | D:9      | Identified the +2 ring mail of Amorality {rC+} (You found it on level 9 of the Dungeon)
  7480 | Orc:1    | Entered Level 1 of the Orcish Mines
  7480 | Orc:1    | Noticed an orc knight
  7506 | D:9      | Slain by an orc warrior

Vault maps used:
D:1:      lightli_arrival_isolated_outpost
D:2:      lemuel_crystal_altar
D:3:      elyvilon_altar_4, cheibriados_altar_1, lemuel_doored_altar,
          uniq_natasha
D:4:      dancing_weapons_uskayaw, serial_shops, nicolae_shop_stone
D:5:      bloody_trog, serial_shops, shop_statue,
          nicolae_shop_competitors_out_of_business, nicolae_shop_trees, shop,
          shop, first_ration, uniq_ijyb, uniq_sigmund, uniq_prince_ribbit1
D:6:      minmay_temple_entry_metal_lava
D:7:      uniq_pikel, uniq_joseph, uniq_harold
D:9:      erik_orc_1
Orc:1:    uniq_urug, uniq_erica

Skill      XL: |  1  2  3  4  5  6  7  8  9 10 |
---------------+-------------------------------+-----
Fighting       | 4 5 6 7 8 |  8.4
Armour         | 4 5 6 7 8 9 |  9.7
Shields        | 4 5 6 7 8 9 |  9.6
Long Blades    | 3 4 5 7 8 11 12 | 12.6
Dodging        | 1 2 3 |  3.2
Stealth        | 1 |  1.4

Action                   |  1- 3 |  4- 6 |  7- 9 | 10-12 || total
-------------------------+-------+-------+-------+-------++-------
Melee: Long sword        |    85 |   159 |   188 |   120 ||   552
       Headbutt          |    14 |    42 |    75 |    47 ||   178
       Scimitar          |       |       |       |    23 ||    23
Invok: Bend Time         |       |       |       |     1 ||     1
  Use: Scroll            |       |       |     7 |     5 ||    12
  Eat: Chunk             |     1 |     7 |     4 |     6 ||    18
       Ration            |       |       |       |     1 ||     1
Armor: Scale mail        |    44 |    62 |    30 |       ||   136
       Plate armour      |       |       |     9 |    56 ||    65
Dodge: Dodged            |    26 |    50 |    38 |    30 ||   144
Block: Shield            |    44 |   106 |    85 |   107 ||   342
       Rpst.: Long sword |     9 |    10 |     8 |     6 ||    33
       Scimitar          |       |       |       |     4 ||     4

Table legend:
 A = Spawn XP
 B = Non-spawn XP
 C = Spawn XP percentage of total XP
 D = Spawn monster count
 E = Non-spawn monster count
 F = Spawn count percentage of total count
 G = Total turns spent on level
                    A         B        C        D         E        F      G
               +---------+---------+-------+---------+---------+-------+---------
         Total |       0 |    9995 |   0.0 |       0 |     204 |   0.0 |  7506
               +---------+---------+-------+---------+---------+-------+---------
           D:1 |       0 |      47 |   0.0 |       0 |      17 |   0.0 |   574
           D:2 |       0 |      81 |   0.0 |       0 |      22 |   0.0 |   766
           D:3 |       0 |     163 |   0.0 |       0 |      17 |   0.0 |  1185
           D:4 |       0 |     288 |   0.0 |       0 |      26 |   0.0 |   603
           D:5 |       0 |     650 |   0.0 |       0 |       9 |   0.0 |  1430
           D:6 |       0 |    1668 |   0.0 |       0 |      42 |   0.0 |   954
           D:7 |       0 |    2322 |   0.0 |       0 |       9 |   0.0 |   526
           D:8 |       0 |    1910 |   0.0 |       0 |      15 |   0.0 |   687
           D:9 |       0 |    2866 |   0.0 |       0 |      47 |   0.0 |   777
               +---------+---------+-------+---------+---------+-------+---------
